 Dungeon Crawl Stone Soup version 0.30.1-4-g462c640d31 (webtiles) character file.

Game seed: 3135723682257925374

31 rvierbuc the Shield-Bearer (level 2, -2/26 HPs)
             Began as a Demigod Fighter on Aug 20, 2023.
             Killed by divine providence
             ... invoked by an orc priest
              (13 damage)
             ... on level 4 of the Dungeon.
             The game lasted 00:04:27 (1071 turns).

rvierbuc the Shield-Bearer (Demigod Fighter)        Turns: 1071, Time: 00:04:29

Health: -2/26      AC:  6    Str: 17    XL:     2   Next: 90%
Magic:  0/4        EV:  9    Int: 10    God:
Gold:   123        SH:  4    Dex: 13    Spells: 1/1 levels left

rFire   . . .        a - +0 long sword
rCold   . . .        c - +0 buckler
rNeg    . . .        b - +0 scale mail
rPois   .            (no helmet)
rElec   .            (no cloak)
rCorr   .            (no gloves)
SInv    .            (no boots)
Will    .....        k - amulet of guardian spirit Stlth
                     (no ring)
HPRegen 0.24/turn    (no ring)
MPRegen 0.09/turn

%: guardian spirit
@: mighty
A: high MP 1, forlorn, divine attributes
a: no special abilities


You were on level 4 of the Dungeon.
You visited 1 branch of the dungeon, and saw 3 of its levels.

You collected 123 gold pieces.

Inventory:

Hand Weapons
 a - a +0 long sword (weapon)
 l - a +0 war axe
Armour
 b - a +0 scale mail (worn)
 c - a +0 buckler (worn)
 e - a +0 ring mail
Jewellery
 k - an amulet of guardian spirit (around neck)
Scrolls
 i - a scroll of identify {unknown}
Potions
 f - a potion of cancellation {unknown}
 g - a potion of curing {unknown}
 h - a potion of brilliance {unknown}
 j - a potion of invisibility {unknown}
 m - a potion of haste {unknown}


   Skills:
 + Level 3.0 Fighting
 + Level 2.4 Long Blades
 + Level 2.9 Armour
 + Level 3.0 Shields


You had one spell level left.
You didn't know any spells.
Your spell library was empty.

Dungeon Overview and Level Annotations

Branches:
Dungeon (2/15)


Innate Abilities, Weirdness & Mutations

You have an increased reservoir of magic. (+10% MP)
You shall have no god before yourself.
Your divine heritage dramatically boosts your attributes as you level up.


Message History

There is a stone staircase leading down here.
You open the door.
A sourceless malevolence fills the Dungeon...
You fall into a shaft and drop 2 floors!
The shaft crumbles and collapses.
An orc priest and a hound come into view.
The orc priest shouts!
The hound barks!
You hear a shout! x3
An orc wizard comes into view. It is wielding a +0 dagger.
An orc comes into view. It is wielding a +0 dagger.
The orc priest moves out of view.
You hear a shout!
You hit the hound.
The hound is lightly wounded.
The hound closely misses you. The hound barely misses you.
You barely miss the hound.
The hound is lightly wounded.
The hound bites you. x2
You completely miss the hound. The hound bites you but does no damage.
A kobold comes into view. It is wielding a +0 club.
The hound misses you.
You closely miss the hound. The hound closely misses you. The hound bites you.
The orc wizard casts a spell.
The orc wizard flickers and vanishes!
Deactivating autopickup; reactivate with Ctrl-A.
The hound bites you. The hound attacks as you move away! The hound bites you.
The hound barely misses you.
You barely miss the hound. The hound completely misses you.
The hound closely misses you.
You barely miss the hound. The hound bites you. x2
The orc priest miscasts a cantrip.
You feel very mighty all of a sudden. The hound barely misses you. x2
You hit the hound.
The hound is moderately wounded.
The hound bites you but does no damage.
The orc priest invokes the aid of Beogh against you.
Beogh smites you!
Ouch! That really hurt!
You die...

##############
#oo.Kh@......#
#.##########.#
{o. .....
.......
#.##.## . #.
#.


You could see a hound, an orc priest, an orc and a kobold.

Vanquished Creatures
  A dart slug (D:1)
  6 endoplasms (D:1)
  2 giant cockroaches (D:1)
  5 goblins
  2 hobgoblins (D:1)
  2 ball pythons (D:1)
  A frilled lizard (D:1)
  A kobold (D:1)
  7 rats
27 creatures vanquished.

Notes
Turn   | Place    | Note
-------+----------+-------------------------------------------
     0 | D:1      | rvierbuc the Demigod Fighter began the quest for the Orb.
     0 | D:1      | Reached XP level 1. HP: 18/18 MP: 3/3
   115 | D:1      | Reached XP level 2. HP: 25/25 MP: 4/4
  1056 | D:2      | You fall into a shaft and drop 2 floors!
  1071 | D:4      | Killed from afar by an orc priest

Illustrated notes

Levels and vault maps discovered:
D:1:      scummos_arrival_forest, layout_basic, serial_bayou_lake_a
D:2:      layout_basic, minmay_pentomino_o4
D:4:      layout_loops_ring, minmay_temple_entry_large_hall,
          minmay_misc_feat_tiny, minmay_circle_x

Skill      XL: |  1  2 |
---------------+-------+-----
Long Blades    | 2 |  2.4
Shields        | 3 |  3.0
Fighting       | 3 |  3.0
Armour         | |  2.9

Action                     || total
---------------------------++-------
  Melee: Long sword        ||    75
    Use: Potion            ||     1
 Armour: Scale mail        ||    20
  Dodge: Dodged            ||    36
  Block: Buckler           ||    13
